AoeStats
← mylove__

Black Forest

506414780Analyzed
4v4 RM · 18d ago on Sep 13, 2026· 44m 47s· 8 players
Game mode
Random Map
Map size
Large (8 player)
Population
200
Speed
Normal
Resources
Standard
Victory
Conquest
Starting age
Dark Age
Ending age
Imperial Age
RankedLock teamsTeams togetherTeam positionsShared explorationLock speedFull tech treeHidden civsTurbo modeCheats
Victory
Defeat
🇳🇱 Celts · Netherlands
1486
+13
🇺🇿 Vietnamese · Uzbekistan
1470
+14
🇹🇷 Khmer · Türkiye
1457
+14
🇩🇪 Lithuanians · Germany
1442
+15
🇨🇳 Mongols · China
1440
-14
🇨🇳 Spanish · China
1419
-14
🇨🇳 Lithuanians · China
1412
-14
🇨🇳 Japanese · China
1409
-14
Ren
0:54 Loom
11:41 Feudal Age
12:18 Double-Bit Axe
13:43 Horse Collar
15:06 Fletching
15:57 Wheelbarrow
17:39 Gold Mining
21:36 Castle Age
22:39 Bow Saw
26:38 Imperial Age
24:38 Bodkin Arrow
26:47 Heavy Plow
27:03 Padded Archer Armor
29:08 Conscription
29:43 Leather Archer Armor
29:44 Bracer
30:27 Leather Archer Armor
33:19 Ballistics
33:45 Hand Cart
34:27 Husbandry
34:38 Bloodlines
36:02 Ring Archer Armor
37:25 Sanctity
36:56 Town Watch
39:04 Supremacy
39:48 Scale Barding Armor
39:53 Forging
39:41 Cavalier
40:59 Chain Barding Armor
40:39 Stone Mining
42:08 Iron Casting
42:23 Guilds
42:10 Capped Ram
43:27 Plate Barding Armor
44:37 Two-Man Saw
45:48 Blast Furnace
hoot
0:48 Loom
9:18 Feudal Age
9:26 Man-at-Arms
9:52 Arson
11:24 Double-Bit Axe
12:00 Town Watch
12:52 Horse Collar
16:39 Fletching
19:50 Wheelbarrow
19:52 Gold Mining
22:54 Castle Age
21:26 Stone Mining
23:54 Bow Saw
23:45 Heavy Plow
24:00 Bodkin Arrow
28:30 Hand Cart
32:02 Padded Archer Armor
32:26 Ballistics
35:06 Caravan
37:09 Fortified Wall
40:50 Nomads
羊了个羊
10:23 Feudal Age
14:42 Castle Age
13:51 Double-Bit Axe
13:51 Horse Collar
15:36 Heavy Plow
19:28 Loom
26:03 Wheelbarrow
25:25 Gold Mining
25:26 Stone Mining
28:56 Imperial Age
29:11 Imperial Age
27:29 Hand Cart
27:20 Scale Barding Armor
27:27 Forging
28:15 Stone Shaft Mining
29:45 Chain Barding Armor
30:01 Iron Casting
30:51 Murder Holes
31:18 Ballistics
31:59 Chemistry
31:50 Plate Barding Armor
31:29 Bloodlines
31:20 Husbandry
32:00 Conscription
31:03 Elite Leitis
31:56 Fletching
32:19 Masonry
33:34 Bodkin Arrow
35:03 Bracer
36:51 Padded Archer Armor
37:24 Architecture
养几亿
11:04 Feudal Age
11:49 Double-Bit Axe
14:47 Castle Age
14:30 Horse Collar
17:23 Bow Saw
17:16 Heavy Plow
19:01 Loom
19:58 Wheelbarrow
23:29 Gold Mining
26:48 Hand Cart
29:29 Imperial Age
27:16 Scale Mail Armor
27:26 Forging
28:25 Chain Mail Armor
27:47 Pikeman
28:28 Squires
28:16 Treadmill Crane
29:35 Iron Casting
30:09 Masonry
29:49 Halberdier
31:00 Plate Mail Armor
30:23 Arson
30:25 Onager
31:14 Siege Engineers
31:38 Conscription
32:26 Coinage
34:06 Blast Furnace
33:50 Kataparuto
37:38 Chemistry
39:22 Fortified Wall
40:50 Caravan
Moerbsle
4:29 Loom
5:11 Loom
9:10 Feudal Age
9:13 Man-at-Arms
13:21 Loom
17:43 Castle Age
17:43 Fletching
17:46 Horse Collar
19:25 Bodkin Arrow
30:12 Imperial Age
32:18 Chemistry
31:44 Double-Bit Axe
39:04 Fortified Wall
45:21 Wheelbarrow
44:58 Bow Saw
El_Stino
10:28 Feudal Age
11:42 Double-Bit Axe
14:03 Castle Age
11:56 Horse Collar
14:57 Bow Saw
20:33 Wheelbarrow
22:01 Hand Cart
22:28 Heavy Plow
23:00 Gold Mining
23:02 Stone Mining
27:34 Imperial Age
26:24 Scale Mail Armor
26:35 Forging
26:13 Pikeman
27:39 Chain Mail Armor
28:32 Iron Casting
27:35 Capped Ram
27:44 Halberdier
29:25 Plate Mail Armor
29:50 Furor Celtica
30:05 Siege Ram
33:04 Blast Furnace
32:40 Elite Woad Raider
35:57 Siege Engineers
37:30 Ballistics
38:11 Chemistry
36:58 Arson
36:59 Gambesons
39:47 Onager
41:53 Fletching
42:26 Conscription
41:56 Stronghold
mylove__
10:54 Feudal Age
13:39 Castle Age
11:41 Double-Bit Axe
12:13 Horse Collar
21:02 Bow Saw
21:31 Heavy Plow
22:09 Wheelbarrow
22:21 Gold Mining
23:41 Stone Mining
27:12 Imperial Age
24:42 Loom
25:16 Scale Barding Armor
25:22 Forging
26:04 Husbandry
26:15 Bloodlines
27:00 Chain Barding Armor
28:01 Iron Casting
28:46 Plate Barding Armor
28:51 Crop Rotation
28:48 Elite Battle Elephant
30:07 Tusk Swords
31:09 Blast Furnace
31:30 Caravan
33:47 Conscription
35:24 Chemistry
34:48 Ballistics
34:33 Elite Ballista Elephant
36:14 Conscription
37:11 Chemistry
36:22 Heavy Scorpion
38:39 Light Cavalry
41:48 Light Cavalry
42:57 Hussar
44:04 Double Crossbow
karbid
0:48 Loom
10:49 Feudal Age
16:47 Castle Age
15:05 Double-Bit Axe
15:35 Horse Collar
15:48 Fletching
17:37 Wheelbarrow
22:23 Town Watch
26:47 Hand Cart
27:39 Bow Saw
29:46 Bodkin Arrow
29:51 Padded Archer Armor
30:35 Ballistics
30:25 Fortified Wall
31:27 Leather Archer Armor
31:05 Gold Mining
35:15 Imperial Age
35:13 Caravan
36:20 Paper Money
37:05 Chemistry
36:07 Bracer
36:37 Ring Archer Armor
37:08 Ring Archer Armor
36:41 Heavy Plow
38:12 Elite Rattan Archer
42:16 Siege Engineers
45:19 Hoardings
Connection lost

Rejoining the realm…

Still unreachable

The connection could not be restored.

Session expired

The server has moved on; the page needs a fresh start.